 Dungeon Sprint DCSS version 0.20-a0-556-g892c87b (webtiles) character file.

0 dvd the Cudgeler (level 4, 0/50 HPs)
             Began as a Troll Berserker on Feb 4, 2017.
             Was a Follower of Trog.
             Slain by a river rat (8 damage)
             ... in the Dungeon (Sprint VI: "Thunderdome").
             The game lasted 00:01:03 (32 turns).

dvd the Cudgeler (Troll Berserker)                    Turns: 32, Time: 00:01:03

Health: 0/50       AC:  5    Str: 32    XL:     4   Next: 47%
Magic:  0/3        EV: 14    Int:  3    God:    Trog [*.....]
Gold:   110        SH:  0    Dex: 10    Spells: 3/3 levels left

rFire    . . .     SeeInvis .   a - +0 mace
rCold    . . .     Gourm    +   b - +0 animal skin
rNeg     . . .     Faith    .   (no shield)
rPois    .         Spirit   +   (helmet restricted)
rElec    .         Reflect  .   (no cloak)
rCorr    .         Harm     .   (gloves unavailable)
MR       .....     NoTele   +   (boots unavailable)
Stlth    ++........             n - amulet of Apawkitz {Spirit Str+4 Stlth+}
Regen    0.6/turn               (no ring)
                                o - ring of Reimbursement {EV+3 Str+3}

@: exhausted, slowed, very slow
A: unfitting armour, claws 3, fast metabolism 3, gourmand, regeneration 1,
shaggy fur 1, tough skin 2
a: Berserk, Burn Spellbooks, Renounce Religion


You were in the Dungeon.
You worshipped Trog.
Trog was aware of your devotion.
You were not hungry.

You visited 1 branch You collected 200 gold pieces.
You spent 90 gold pieces at shops.

Inventory:

Hand Weapons
 a - a +0 mace (weapon)
Armour
 b - a +0 animal skin (worn)
Jewellery
 n - the amulet of Apawkitz (around neck) {Spirit Str+4 Stlth+}
   (You bought it in a shop in the Dungeon)

   [amulet of guardian spirit]

   It causes incoming damage to be split between your health and magic.
   It affects your strength (+4).
   It makes you more stealthy.
 o - the ring of Reimbursement (left claw) {EV+3 Str+3}
   (You bought it in a shop in the Dungeon)

   [ring of evasion]

   It affects your evasion (+3).
   It affects your strength (+3).
Wands
 j - a wand of acid (5/15)
 k - a wand of iceblast (5/15)
Scrolls
 i - 4 scrolls of blinking
 l - 3 scrolls of fog
Potions
 d - a potion of curing
 e - 4 potions of heal wounds
 f - 4 potions of haste
 g - 2 potions of magic
 h - a potion of berserk rage
 m - a potion of resistance
Comestibles
 c - 2 bread rations


   Skills:
 + Level 5.0 Fighting
 + Level 5.4 Maces & Flails
 + Level 4.8 Dodging


You had 3 spell levels left.
You didn't know any spells.

Dungeon Overview and Level Annotations

Branches:
Dungeon (1/1)

Altars:
Kikubaaqudgha
Makhleb
Ru
Vehumet
Xom
Yredelemnul
The Shining One

Shops:
D *[%?


Innate Abilities, Weirdness & Mutations

You are too large for most types of armour.
You have claws for hands.
Your metabolism is lightning-fast.
You like to eat raw meat.
Your natural rate of healing is unusually fast.
You are covered in fur. (AC +1)
You have very tough skin. (AC +2)


Message History

Unknown command.
The river rat bites you!
* * * LOW HITPOINT WARNING * * *
The rat bites you but does no damage.
You closely miss the river rat. The river rat bites you.
* * * LOW HITPOINT WARNING * * *
The rat misses you. The river rat bites you.
* * * LOW HITPOINT WARNING * * *
Unknown command.
You closely miss the river rat. The river rat barely misses you. x2
You thump the rat!
You kill the rat!
Trog accepts your kill. The river rat barely misses you.
You hit the river rat but do no damage. The river rat barely misses you.
The river rat closely misses you.
You closely miss the river rat. The river rat bites you.
* * * LOW HITPOINT WARNING * * *
The river rat bites you!
You die...

#_...... #_......
###.......
#⌠........
######.8......
##∩___......#
###∩........8.# .
##@r...........###.
#⌠..........###...#
#⌠..........# #.<.#
#⌠..........# #...#
##.............###.
###∩........8. .
##∩.__......#
######.8.... #⌠....


You could see a river rat.

Vanquished Creatures
  A porcupine (D)
  A rat (D)
2 creatures vanquished.

Notes
Turn   | Place    | Note
-------+----------+-------------------------------------------
     0 | D        | dvd the Troll Berserker began the quest for the Orb.
     0 | D        | Reached XP level 1. HP: 22/22 MP: 0/0
     1 | D        | Found a basalt altar of Yredelemnul.
     1 | D        | Found an ancient bone altar of Kikubaaqudgha.
     2 | D        | Found a burning altar of Makhleb.
     2 | D        | Found a sacrificial altar of Ru.
     3 | D        | Found a glowing golden altar of the Shining One.
     4 | D        | Found Ughiunec's Bee Food.
     4 | D        | Found a shimmering altar of Xom.
     4 | D        | Found a radiant altar of Vehumet.
     4 | D        | Found Rebu Qim's Identification Station.
     5 | D        | Found Obliveso's Jewellery.
     5 | D        | Found Bopy Faapn's Advanced Armour.
     5 | D        | Round 1.
     8 | D        | Noticed a porcupine
    17 | D        | Killed a porcupine
    17 | D        | Reached skill level 5 in Fighting
    17 | D        | Reached skill level 5 in Maces & Flails
    17 | D        | Reached XP level 2. HP: 12/35 MP: 1/1
    17 | D        | Reached XP level 3. HP: 14/42 MP: 2/2
    17 | D        | Reached XP level 4. HP: 17/50 MP: 3/3
    21 | D        | Bought a slimy zirconium amulet for 45 gold pieces
    21 | D        | Identified the amulet of Apawkitz {Spirit Str+4 Stlth+} (You bought it in a shop in the Dungeon)
    22 | D        | Bought a vibrating iron ring for 45 gold pieces
    22 | D        | Identified the ring of Reimbursement {EV+3 Str+3} (You bought it in a shop in the Dungeon)
    32 | D        | Slain by a river rat

Vault maps used:
D:        arena_sprint

Skill      XL: |  1 |
---------------+----+-----
Fighting       | 5 |  5.0
Maces & Flails | 5 |  5.4
Dodging        | 4 |  4.8

Action                   |  1- 3 |  4- 6 || total
-------------------------+-------+-------++-------
Melee: Mace              |     5 |     5 ||    10
Invok: Berserk           |     1 |       ||     1
Armor: Animal skin       |     1 |     1 ||     2
Dodge: Dodged            |     1 |     6 ||     7
